 Dungeon Crawl Stone Soup version 0.29-a0-409-gd843f3a48c (webtiles) character file.

Game seed: 8813612587993521479

101 runemasterragnar the Insei (level 4, -7/36 HPs)
             Began as a Draconian Transmuter on May 15, 2022.
             Mangled by an iguana (10 damage)
             ... on level 3 of the Dungeon.
             The game lasted 00:03:22 (2660 turns).

runemasterragnar the Insei (Draconian Transmuter)   Turns: 2660, Time: 00:03:23

Health: -7/36      AC:  6    Str: 12    XL:     4   Next: 48%
Magic:  1/7        EV: 12    Int: 15    God:
Gold:   109        SH:  0    Dex: 12    Spells: 1/7 levels left

rFire   . . .      SeeInvis .     - Unarmed
rCold   . . .      Faith    .   (no shield)
rNeg    . . .      Spirit   .   (body armour unavailable)
rPois   .          Reflect  .   (helmet currently unavailable)
rElec   .          Harm     .   l - +0 cloak
rCorr   .          Rampage  .   (no gloves)
Will    .....                   (boots currently unavailable)
Stlth   +.........              (no amulet)
HPRegen 0.12/turn               (no ring)
MPRegen 0.10/turn               (no ring)

@: appendages (expiring)
A: horns 2, talons 2, AC +5, unfitting armour, cold-blooded
a: End Transformation


You were on level 3 of the Dungeon.
You had temporarily grown beastly horns and talons.
You visited 1 branch of the dungeon, and saw 3 of its levels.

You collected 109 gold pieces.

Inventory:

Hand Weapons
 c - a +4 dagger
Armour
 l - a +0 cloak (worn)
Jewellery
 e - a ring of magical power
Scrolls
 f - 2 scrolls of teleportation
 h - 2 scrolls of identify
Potions
 a - 2 potions of lignification
 b - 2 potions of brilliance
 d - 2 potions of flight {unknown}
 g - a potion of curing {unknown}
 i - a potion of degeneration {unknown}
 j - 2 potions of heal wounds
 k - 2 potions of might {unknown}


   Skills:
 + Level 2.1 Fighting
 + Level 2.4 Dodging
 + Level 3.4 Unarmed Combat
 + Level 2.4 Spellcasting
 * Level 3.1 Transmutations


You had one spell level left.
You knew the following spells:

 Your Spells              Type           Power      Damage    Failure   Level
a - Beastly Appendage     Tmut           22%        N/A       6%          1
b - Wereblood             Tmut           11%        N/A       9%          2
c - Spider Form           Tmut/Pois      6%         N/A       32%         3

Your spell library contained the following spells:

 Spells                   Type           Power      Damage    Failure   Level
 Ice Form                 Ice/Tmut       6%         N/A       73%         4


Dungeon Overview and Level Annotations

Branches:
Dungeon (3/15)

Altars:

Shops:
D:2 :


Innate Abilities, Weirdness & Mutations

You have temporarily grown beastly horns and talons.
Your plain brown scales are hard. (AC +5)
You cannot fit into any form of body armour.
You are cold-blooded and may be slowed by cold attacks.


Message History

You barely miss the iguana. Your headbutt misses the iguana.
Your tail-slap misses the iguana.
The iguana is heavily wounded.
The iguana bites you but does no damage.
You hit the iguana but do no damage. Your kick misses the iguana.
The iguana is heavily wounded.
The iguana misses you.
You hit the iguana but do no damage. You claw the iguana.
You headbutt the iguana, but do no damage.
The iguana is heavily wounded.
The iguana bites you but does no damage.
You hit the iguana but do no damage.
Your tail-slap misses the iguana.
The iguana is heavily wounded.
The iguana misses you.
You hit the iguana but do no damage. Your kick misses the iguana.
You headbutt the iguana.
The iguana is almost dead.
Your transformation is almost over.
The iguana bites you!
You hit the iguana. Your kick misses the iguana.
You headbutt the iguana, but do no damage.
The iguana is almost dead.
The iguana bites you.
You hit the iguana but do no damage.
Your tail-slap misses the iguana.
The iguana is almost dead.
You barely miss the iguana. Your kick misses the iguana.
The iguana is almost dead.
The iguana bites you!
* * * LOW HITPOINT WARNING * * *
You barely miss the iguana.
The iguana is almost dead.
The iguana barely misses you.
Your magical contamination has completely faded away.
You barely miss the iguana. Your kick misses the iguana.
The iguana is almost dead.
The iguana bites you but does no damage.
You hit the iguana but do no damage. You claw the iguana, but do no damage.
The iguana is almost dead.
The iguana bites you!
You die...

##### ....# #...#
#...# #...# #...#
#.#.##############
#.#..............#
#..........@.##
#..#########l#
#..# .# #.## .#
.#####.# .#
.......# .#
###.#### .. #.# ##
###.##


You could see an iguana.

Vanquished Creatures
  Jessica (D:2)
  3 adders (D:2)
  A dart slug (D:2)
  5 ball pythons (D:2)
  3 endoplasms
  2 giant cockroaches
  7 goblins
  3 hobgoblins
  4 kobolds
  2 quokkas
  3 bats (D:1)
  5 frilled lizards
  6 rats (D:1)
45 creatures vanquished.

Notes
Turn   | Place    | Note
-------+----------+-------------------------------------------
     0 | D:1      | runemasterragnar the Draconian Transmuter began the quest
                  | for the Orb.
     0 | D:1      | Reached XP level 1. HP: 16/16 MP: 3/3
   323 | D:1      | Reached XP level 2. HP: 23/23 MP: 3/5
   689 | D:1      | Found a faded altar of an unknown god.
  1578 | D:2      | Reached XP level 3. HP: 29/29 MP: 4/6
  1680 | D:2      | Found Ibru's Book Shop.
  1808 | D:2      | Learned a level 2 spell: Wereblood
  1812 | D:2      | Learned a level 3 spell: Spider Form
  1942 | D:2      | Noticed Jessica
  1948 | D:2      | Killed Jessica
  1949 | D:2      | Reached XP level 4. HP: 20/36 MP: 3/7
  2660 | D:3      | Mangled by an iguana

Illustrated notes

Levels and vault maps discovered:
D:1:      dpeg_arrival_subterranean_lakeside_camping, layout_basic,
          ebering_ecumenical_altar_rust
D:2:      layout_loops_ring, serial_shops,
          nicolae_shop_competitors_out_of_business, minivault_19,
          minmay_hexomino_f4, uniq_jessica
D:3:      layout_loops_ring, kennysheep_generic_room_12

Skill      XL: |  1  2  3 |
---------------+----------+-----
Dodging        | 2 |  2.4
Fighting       | 2 |  2.1
Transmutations | 3 |  3.1
Unarmed Combat | |  3.4
Spellcasting   | |  2.4

Action                   |  1- 3 |  4- 6 || total
-------------------------+-------+-------++-------
Melee: Unarmed           |    96 |    42 ||   138
       Kick              |    14 |     8 ||    22
       Tailslap          |     7 |     1 ||     8
       Headbutt          |     4 |     4 ||     8
       Punch             |       |     1 ||     1
 Cast: Beastly Appendage |    25 |     5 ||    30
       Spider Form       |     1 |       ||     1
  Use: Scroll            |     4 |       ||     4
 Stab: Sleeping          |     1 |       ||     1
Armor: Skin              |    20 |    15 ||    35
Dodge: Dodged            |    55 |    19 ||    74

Table legend: (Time is in decaauts)
 A = Elapsed time spent in this place.
 B = Non-inter-level travel time spent in this place.
 C = Inter-level travel time spent in this place.
 D = Time resting spent in this place.
 E = Time spent auto-exploring this place.
 F = Levels seen in this place.
 G = Mean time per level.
                   A        B        C        D        E       F      G
               +--------+--------+--------+--------+--------+-----+--------+
         Total |   2656 |   2601 |     55 |      0 |   2218 |   3 |  885.3 |
       Dungeon |   2656 |   2601 |     55 |      0 |   2218 |   3 |  885.3 |
               +--------+--------+--------+--------+--------+-----+--------+

Top non-repeatable levels by time:
     D:1: 1487 daAuts
     D:2: 1033 daAuts
     D:3: 135 daAuts
